 Dungeon Sprint DCSS version 0.32-a0-666-ge8a88695a4 (webtiles) character file.

Game seed: 16558051985464360685

1045 adelrune the Basher (level 8, -1/69 HPs)
             Began as a Formicid Fighter on Mar 9, 2024.
             Was a Believer of Cheibriados.
             Incinerated by a deep elf pyromancer (5 damage)
             ... with a pyre arrow
             ... in the Dungeon (Sprint IX: "|||||||||||||||||||||||||||||").
             The game lasted 00:01:57 (242 turns).

adelrune the Basher (Formicid Fighter)               Turns: 242, Time: 00:01:57

Health: -1/69      AC: 21    Str: 28    XL:     8   Next: 49%
Magic:  12/12      EV: 14    Int: 15    God:    Cheibriados [**....]
Gold:   0          SH:  7    Dex: 19    Spells: 7/7 levels left

rFire   . . .        k - +2 dire flail (protect)
rCold   . . .        c - +0 buckler
rNeg    . . .        a - +1 chain mail
rPois   .            (helmet unavailable)
rElec   .            (no cloak)
rCorr   .            (no gloves)
SInv    +            (no boots)
Will    .....        (no amulet) Stlth
                     d - +2 ring of evasion
HPRegen 0.31/turn    l - +2 ring of protection
MPRegen 0.13/turn

%: no passive effects
@: on fire, under a protective aura, glowing, very slow
A: permanent stasis, dig shafts and tunnels, antennae 3, four strong arms
a: Dig, Renounce Religion, Bend Time


You were in the Dungeon.
You worshipped Cheibriados.
Cheibriados was pleased with you.
You visited 1 branch

Inventory:

Hand Weapons
 k - a +2 dire flail of protection (weapon)
Armour
 a - a +1 chain mail (worn)
 b - a +0 scale mail
 c - a +0 buckler (worn)
Jewellery
 d - a +2 ring of evasion (left hand)
 l - a +2 ring of protection (right hand)
Wands
 j - a wand of roots (10)
Scrolls
 i - 2 scrolls of amnesia
Potions
 f - a potion of heal wounds
 g - 4 potions of magic
 h - 4 potions of curing


   Skills:
 + Level 8.4 Fighting
 * Level 10.1 Maces & Flails
 + Level 8.4 Armour
 + Level 6.1 Dodging
 + Level 9.8 Shields
 + Level 5.8 Invocations


You had 7 spell levels left.
You didn't know any spells.
Your spell library was empty.

Dungeon Overview and Level Annotations

Branches:
Dungeon (1/1)

Altars:
Cheibriados
Dithmenos
Elyvilon
Fedhas
Gozag
Hepliaklqana
Kikubaaqudgha
Makhleb
Nemelex Xobeh
Okawaru
Qazlal
Ru
Sif Muna
Trog
Uskayaw
Vehumet
Wu Jian
Xom
Yredelemnul
Zin
The Shining One
Beogh
Jiyva
Lugonu


Innate Abilities, Weirdness & Mutations

You cannot be hasted, slowed, berserked, paralysed or teleported.
You can dig through walls and to a lower floor.
You have a pair of large antennae on your head. (SInv)
Your four strong arms can wield two-handed weapons with a shield.


Message History

The deep elf pyromancer is moderately wounded.
You puncture the deep elf pyromancer!
The deep elf pyromancer is almost dead.
The deep elf pyromancer casts a spell.
The deep elf pyromancer blinks!
The deep elf pyromancer casts a spell at you.
The bolt of fire hits you!!
You hit the deep elf pyromancer.
The deep elf pyromancer is almost dead.
The deep elf pyromancer hits you but does no damage.
You closely miss the deep elf pyromancer.
The deep elf pyromancer is almost dead.
The deep elf pyromancer gestures wildly while chanting.
You miss the deep elf pyromancer.
The deep elf pyromancer is almost dead.
The laughing skull chuckles harshly at the inevitable fate of oblivion.
You block the fire elemental's attack.
The deep elf pyromancer casts a spell.
The deep elf pyromancer blinks!
The deep elf pyromancer points at you and mumbles some strange words.
The pyre arrow hits you.
You are covered in intense liquid fire!
You completely miss the deep elf pyromancer.
The deep elf pyromancer is almost dead.
The liquid fire burns you!
* * * LOW HITPOINT WARNING * * *
The fire elemental completely misses you.
You closely miss the deep elf pyromancer.
The deep elf pyromancer is almost dead.
The liquid fire burns you!
* * * LOW HITPOINT WARNING * * *
The deep elf pyromancer casts a spell.
The deep elf pyromancer mumbles some strange words.
The fire elemental hits you. The fire elemental burns you!
* * * LOW HITPOINT WARNING * * *
You barely miss the deep elf pyromancer.
The deep elf pyromancer is almost dead.
The liquid fire burns you!
You die...
Cheibriados appreciates the motionlessness of death.

▓z▓
▓c▓
▓W▓
▓y▓
▓e▓
▓E▓
▓e▓
▓@▓
▓E▓
▓)▓
▓†▓
▓)▓
▓)▓
▓†▓
▓.▓
{
▓.▓


You could see a centaur warrior, 2 deep elf pyromancers, 2 fire elementals, a
wraith, a vampire mosquito and a laughing skull.

Vanquished Creatures
  A two-headed ogre (D)
  A yak (D)
  An ice beast (D)
  A centaur (D)
  A scorpion (D)
  A wight (D)
  A killer bee (D)
  A hound (D)
  A jelly (D)
  An orc (D)
  A bat (D)
  An endoplasm (D)
  A giant cockroach (D)
  A goblin (D)
  A kobold (D)
15 creatures vanquished.

Vanquished Creatures (others)
  A troll (D)
1 creature vanquished.

Grand Total: 16 creatures vanquished

Notes
Turn   | Place    | Note
-------+----------+-------------------------------------------
     0 | D        | adelrune the Formicid Fighter began the quest for the Orb.
     0 | D        | Reached XP level 1. HP: 18/18 MP: 1/1
    27 | D        | Reached skill level 1 in Dodging
    31 | D        | Reached XP level 2. HP: 24/25 MP: 2/2
    37 | D        | Noticed an ice beast
    37 | D        | Noticed a scorpion
    48 | D        | Killed a scorpion
    49 | D        | Reached skill level 4 in Maces & Flails
    49 | D        | Reached skill level 5 in Shields
    49 | D        | Reached XP level 3. HP: 31/31 MP: 3/3
    49 | D        | Reached XP level 4. HP: 38/38 MP: 4/4
    56 | D        | Killed an ice beast
    57 | D        | Reached skill level 5 in Fighting
    57 | D        | Reached skill level 6 in Maces & Flails
    57 | D        | Reached skill level 5 in Armour
    57 | D        | Reached XP level 5. HP: 33/46 MP: 5/5
    62 | D        | Reached skill level 7 in Maces & Flails
    62 | D        | Reached XP level 6. HP: 34/52 MP: 6/6
    70 | D        | Found a roughly hewn altar of Beogh.
    70 | D        | Found a snail-covered altar of Cheibriados.
    70 | D        | Found a shadowy altar of Dithmenos.
    70 | D        | Found a white marble altar of Elyvilon.
    70 | D        | Found a blossoming altar of Fedhas.
    70 | D        | Found an opulent altar of Gozag.
    71 | D        | Found a hazy altar of Hepliaklqana.
    72 | D        | Found a viscous altar of Jiyva.
    73 | D        | Found an ancient bone altar of Kikubaaqudgha.
    74 | D        | Became a worshipper of Cheibriados the Contemplative
    75 | D        | Found a corrupted altar of Lugonu.
    76 | D        | Found a burning altar of Makhleb.
    77 | D        | Found a sparkling altar of Nemelex Xobeh.
    78 | D        | Found an iron altar of Okawaru.
    79 | D        | Found a stormy altar of Qazlal.
    80 | D        | Found a sacrificial altar of Ru.
    81 | D        | Found a shimmering blue altar of Sif Muna.
    82 | D        | Found a bloodstained altar of Trog.
    83 | D        | Found a hide-covered altar of Uskayaw.
    84 | D        | Found a radiant altar of Vehumet.
    85 | D        | Found an ornate altar of the Wu Jian Council.
    86 | D        | Found a shimmering altar of Xom.
    87 | D        | Found a basalt altar of Yredelemnul.
    88 | D        | Found a glowing silver altar of Zin.
    89 | D        | Found a glowing golden altar of the Shining One.
   130 | D        | Noticed a two-headed ogre
   130 | D        | Noticed a yak
   130 | D        | Noticed a troll
   138 | D        | Killed a troll
   139 | D        | Reached skill level 8 in Maces & Flails
   148 | D        | Killed a two-headed ogre
   149 | D        | Reached skill level 9 in Maces & Flails
   149 | D        | Reached skill level 5 in Dodging
   149 | D        | Reached XP level 7. HP: 12/61 MP: 6/10
   149 | D        | Reached XP level 8. HP: 13/68 MP: 6/11
   154 | D        | Reached * piety under Cheibriados
   155 | D        | Reached skill level 5 in Invocations
   164 | D        | Killed a yak
   165 | D        | Reached ** piety under Cheibriados
   166 | D        | Reached skill level 10 in Maces & Flails
   226 | D        | Noticed a centaur warrior
   226 | D        | Noticed a wraith
   226 | D        | Noticed a deep elf pyromancer
   226 | D        | Noticed a deep elf pyromancer
   227 | D        | Noticed a fire elemental
   233 | D        | Noticed a fire elemental
   239 | D        | Noticed a fire elemental
   242 | D        | Incinerated by a deep elf pyromancer

Illustrated notes

Levels and vault maps discovered:
D:        linesprint [early_d, line_temple, items_1, d_10, items_2, lair_1,
          lair_end, items_3, orc_1, orc_end, items_4, d_15, swamp_1, shoals_1,
          snake_1, spider_1, d_20, vaults_1, items_5, swamp_end, shoals_end,
          snake_end, spider_end, vaults_end, d_27, items_6, zot_1, zot_end,
          crypt_end, forest_end, elf_end, slime_end, tomb_end, abyss_end,
          pan_hell_end]

Skill      XL: |  1  2  3  4  5  6  7  8 |
---------------+-------------------------+-----
Dodging        | 1 2 3 4 5 6 |  6.1
Fighting       | 4 5 6 7 8 |  8.4
Maces & Flails | 4 6 7 9 10 | 10.1
Armour         | 4 5 6 7 8 |  8.4
Shields        | 5 6 7 9 |  9.8
Invocations    | 4 5 |  5.8

Action                     |  1- 3 |  4- 6 |  7- 9 || total
---------------------------+-------+-------+-------++-------
  Melee: Flail             |    37 |    12 |       ||    49
         Dire flail        |       |    16 |    31 ||    47
Ability: Dig               |       |     1 |       ||     1
    Use: Potion            |     1 |     2 |     2 ||     5
 Armour: Scale mail        |    24 |     6 |       ||    30
         Chain mail        |       |    15 |    18 ||    33
  Dodge: Dodged            |    19 |    16 |    14 ||    49
  Block: Buckler           |     7 |    11 |    11 ||    29

Table legend: (Time is in decaauts)
 A = Elapsed time spent in this place.
 B = Non-inter-level travel time spent in this place.
 C = Inter-level travel time spent in this place.
 D = Time resting spent in this place.
 E = Time spent auto-exploring this place.
 F = Levels seen in this place.
 G = Mean time per level.
                   A        B        C        D        E       F      G
               +--------+--------+--------+--------+--------+-----+--------+
         Total |    258 |    258 |      0 |     54 |      0 |   1 |  258.0 |
       Dungeon |    258 |    258 |      0 |     54 |      0 |   1 |  258.0 |
               +--------+--------+--------+--------+--------+-----+--------+

Top non-repeatable levels by time:
       D: 258 daAuts
